 Dungeon Crawl Stone Soup version 0.24.1-8-ga250c9d538 (webtiles) character file.

Game seed: 4891943789191672923, levelgen mode: deterministic

30 Hugehornet the Changer (level 3, 0/23 HPs)
             Began as an Octopode Transmuter on May 3, 2020.
             Killed by nerve-wracking pain
             ... invoked by an orc priest
              (8 damage)
             ... on level 2 of the Dungeon.
             The game lasted 00:02:06 (916 turns).

Hugehornet the Changer (Octopode Transmuter)         Turns: 916, Time: 00:02:07

Health: 0/23       AC:  1    Str:  9    XL:     3   Next: 20%
Magic:  1/6        EV: 13    Int: 16    God:
Gold:   25         SH:  0    Dex: 12    Spells: 0/6 levels left

rFire    + . .     SeeInvis .     - Unarmed
rCold    . . .     Gourm    .   (no shield)
rNeg     . . .     Faith    .   (helmet restricted)
rPois    .         Spirit   .   (no amulet)
rElec    .         Reflect  .   d - ring of protection from fire
rCorr    .         Harm     .   g - ring of protection from magic
MR       +....                  i - ring of attention (curse)
Stlth    +.........             (no ring)
HPRegen  0.07/turn              (no ring)
MPRegen  0.10/turn              (no ring)
                                (no ring)
                                (no ring)

@: appendage, very slightly contaminated
A: almost no armour, stealthy swim, amphibious, 8 rings, constrict 8, tentacle
spike 3, camouflage 1, gelatinous body 1
a: End Transformation


You were on level 2 of the Dungeon.
You were hungry.
One of your tentacles had a temporary spike.
You visited 1 branch of the dungeon, and saw 2 of its levels.

You collected 25 gold pieces.

Inventory:

Missiles
 a - 33 arrows
Jewellery
 d - a ring of protection from fire (left tentacle)
 g - a ring of protection from magic (right tentacle)
 i - a cursed ring of attention (on tentacle)
Potions
 e - a potion of might
 h - a potion of heal wounds {unknown}
Comestibles
 c - 3 rations
 f - 3 chunks of flesh


   Skills:
 - Level 1.0 Fighting
 - Level 2.0 Dodging
 * Level 3.0 Unarmed Combat
 - Level 2.0 Spellcasting
 * Level 3.4 Transmutations
 + Level 0.2 Poison Magic


You couldn't memorise any spells.
You knew the following spells:

 Your Spells              Type           Power        Failure   Level  Hunger
a - Beastly Appendage     Tmut           ##....       4%          1    #......
b - Sticks to Snakes      Tmut           ##......     8%          2    ###....
c - Spider Form           Tmut/Pois      #.........   28%         3    ###....

Your spell library contained the following spells:

 Spells                   Type           Power        Failure   Level  Hunger
 Ice Form                 Ice/Tmut       #.......     71%         4    #####..
 Blade Hands              Tmut           ##........   80%         5    ######.


Dungeon Overview and Level Annotations

Branches:
Dungeon (2/15)

Altars:


Innate Abilities, Weirdness & Mutations

You cannot wear most types of armour.
You are very stealthy in the water. (Stealth+)
You are amphibious.
You can wear up to eight rings at the same time.
You can use your tentacles to constrict eight enemies at once.
Your skin changes colour to match your surroundings (Stealth+).
Your rubbery body absorbs attacks. (AC +1, EV +1)
One of your tentacles bears a large vicious spike.


Message History

Beogh smites you!
Ouch! That really hurt!
You hear a shout!
Casting: Spider Form (safe; 28% risk of failure)
Confirm with . or Enter, or press ? or * to list all spells.
One of your tentacles grows a vicious spike.
You hear a shout!
The orc priest closely misses you.
An orc priest comes into view. It is wielding a -2 mace.
You tentacle-slap the orc priest but do no damage.
Your grab misses the orc priest.
The orc priest is moderately wounded.
The orc priest looks braver for a moment.
You closely miss the orc priest. You grab the orc priest.
You pierce the orc priest.
The orc priest is moderately wounded.
You constrict the orc priest.
The orc priest invokes the aid of Beogh against you.
Pain shoots through your body!
You die...

.'.....#.# .#.)..##.#
o..o.# .#######.# o.o..#
.# #.# .....# .# #.#
...8.# .#######.#
.....#. .....)...#
.......
####################.o.#
................@o.o.#
##################.###
#.######## #.........
##########


You could see 2 orc priests and an orc.

Vanquished Creatures
  A dart slug (D:2)
  3 bats
  A goblin (D:2)
  5 hobgoblins
  2 jackals (D:1)
  4 frilled lizards (D:1)
  8 kobolds (D:1)
  2 rats (D:1)
26 creatures vanquished.

Notes
Turn   | Place    | Note
-------+----------+-------------------------------------------
     0 | D:1      | Hugehornet the Octopode Transmuter began the quest for the
                  | Orb.
     0 | D:1      | Reached XP level 1. HP: 13/13 MP: 3/3
   101 | D:1      | Reached XP level 2. HP: 16/18 MP: 3/5
   111 | D:1      | Learned a level 2 spell: Sticks to Snakes
   771 | D:2      | Reached XP level 3. HP: 20/23 MP: 4/6
   776 | D:2      | Learned a level 3 spell: Spider Form
   916 | D:2      | Killed from afar by an orc priest

Levels and vault maps discovered:
D:1:      giann_forest_graveyard, layout_basic
D:2:      cheibrodos_pilgrimage, layout_basic

Skill      XL: |  1  2 |
---------------+-------+-----
Transmutations | 3 |  3.4
Fighting       | |  1.0
Dodging        | |  2.0
Unarmed Combat | |  3.0
Spellcasting   | |  2.0
Poison Magic   | |  0.2

Action                   || total
-------------------------++-------
Melee: Unarmed           ||    60
       Constrict         ||    18
       Kick              ||    12
       Tentacles         ||     7
       Punch             ||     1
 Cast: Beastly Appendage ||    14
       Spider Form       ||     1
  Use: Scroll            ||     1
Armor: Skin              ||     6
Dodge: Dodged            ||    38
